 Dungeon Crawl Stone Soup version 0.30-a0-368-g86fb4627a9 (webtiles) character file.

Game seed: 12618357099242325401

82 DanTheMan429456 the Ruffian (level 4, -4/35 HPs)
             Began as a Draconian Transmuter on Nov 19, 2022.
             Was a Follower of Vehumet.
             Slain by a worm (10 damage)
             ... on level 2 of the Dungeon.
             The game lasted 00:05:00 (1335 turns).

DanTheMan429456 the Ruffian (Draconian Transmuter)  Turns: 1335, Time: 00:05:00

Health: -4/35      AC:  5    Str: 15    XL:     4   Next: 21%
Magic:  8/8        EV: 12    Int: 13    God:    Vehumet [*.....]
Gold:   44         SH:  0    Dex: 11    Spells: 7/8 levels left

rFire   . . .      SeeInvis .      - Unarmed
rCold   . . .      Faith    .    (no shield)
rNeg    . . .      Spirit   .    (body armour unavailable)
rPois   .          Reflect  .    (helmet restricted)
rElec   .          Harm     .    (no cloak)
rCorr   .          Rampage  .    (no gloves)
Will    .....                    (no boots)
Stlth   +.........               (no amulet)
HPRegen 0.25/turn                (no ring)
MPRegen 0.11/turn                (no ring)

@: no status effects
A: AC +5, unfitting armour, cold-blooded
a: Renounce Religion


You were on level 2 of the Dungeon.
You worshipped Vehumet.
Vehumet was aware of your devotion.
You visited 1 branch of the dungeon, and saw 2 of its levels.

You collected 44 gold pieces.

Inventory:

Scrolls
 a - a scroll of teleportation
 b - a scroll of fog
 c - 2 scrolls of identify
 e - 2 scrolls of blinking


   Skills:
 + Level 1.2 Fighting
 + Level 2.0 Dodging
 + Level 0.9 Stealth
 + Level 4.0 Unarmed Combat
 + Level 2.6 Spellcasting
 + Level 2.4 Transmutations


You had 7 spell levels left.
You knew the following spells:

 Your Spells              Type           Power      Damage    Failure   Level
a - Beastly Appendage     Tmut           16%        N/A       9%          1

Your spell library contained the following spells:

 Spells                   Type           Power      Damage    Failure   Level
 Kiss of Death            Conj/Necr      4%         2d5       24%         1
 Wereblood                Tmut           8%         N/A       13%         2
 Spider Form              Tmut/Pois      4%         N/A       41%         3
 Ice Form                 Ice/Tmut       4%         N/A       82%         4


Dungeon Overview and Level Annotations

Branches:
Dungeon (2/15)

Altars:
Vehumet

Shops:
D:2 !


Innate Abilities, Weirdness & Mutations

Your plain brown scales are hard. (AC +5)
You cannot fit into any form of body armour.
You are cold-blooded and may be slowed by cold attacks.


Message History

The kobold hits you but does no damage.
Your Dodging skill increases to level 2!
Your Unarmed Combat skill increases to level 4!
You have reached level 4!
You feel stronger.
You closely miss the kobold. The kobold closely misses you.
You hit the kobold but do no damage. Your kick misses the kobold.
You tail-slap the kobold.
The kobold is heavily wounded.
The kobold hits you but does no damage. x2
You hit the kobold.
You kill the kobold!
Vehumet accepts your kill.
The ball python bites you but does no damage.
The ball python grabs you. The ball python constricts you.
You barely miss the ball python. Your kick misses the ball python.
The ball python barely misses you. The ball python constricts you.
* * * LOW HITPOINT WARNING * * *
The worm bites you.
* * * LOW HITPOINT WARNING * * *
You punch the ball python!
You kill the ball python!
Vehumet accepts your kill.
You feel your power returning.
Your horns disappear.
Your talons disappear.
The worm bites you but does no damage.
You hit the worm.
The worm is lightly wounded.
You hit the worm but do no damage. You tail-slap the worm.
The worm is moderately wounded.
The worm bites you.
* * * LOW HITPOINT WARNING * * *
You barely miss the worm.
Your tail-slap misses the worm.
The worm is moderately wounded.
The worm closely misses you.
You hit the worm.
The worm is moderately wounded.
You feel yourself speed up. The worm bites you!
You die...

#........ #.......#
##......# ......... .
........# .. .# .#
...........####..
.##.##.........w)#...
................@#.#
..........?....)...####.
.......................#
.......# #######..####..
..†....# #..# .......#
#..# .......# ##..#####.
.......# ##.........
.......#######..########


You could see a worm.

Vanquished Creatures
  Jessica (D:2)
  3 gnolls (D:2)
  An adder (D:2)
  2 dart slugs (D:1)
  3 ball pythons
  2 hobgoblins
  2 bats (D:1)
  2 goblins
  4 kobolds
20 creatures vanquished.

Notes
Turn   | Place    | Note
-------+----------+-------------------------------------------
     0 | D:1      | DanTheMan429456 the Draconian Transmuter began the quest
                  | for the Orb.
     0 | D:1      | Reached XP level 1. HP: 16/16 MP: 3/3
   463 | D:1      | Found a faded altar of an unknown god.
   465 | D:1      | Prayed at the altar of an unknown god.
   465 | D:1      | Became a worshipper of Vehumet
   465 | D:1      | Reached * piety under Vehumet
   465 | D:1      | Offered knowledge of Kiss of Death by Vehumet.
   563 | D:1      | Reached XP level 2. HP: 19/23 MP: 3/5
  1088 | D:2      | Reached XP level 3. HP: 3/28 MP: 6/6
  1281 | D:2      | Found Poinev's Distillery.
  1313 | D:2      | Noticed Jessica
  1326 | D:2      | Killed Jessica
  1327 | D:2      | Reached skill level 4 in Unarmed Combat
  1327 | D:2      | Reached XP level 4. HP: 7/35 MP: 7/7
  1335 | D:2      | Slain by a worm

Illustrated notes

Levels and vault maps discovered:
D:1:      minmay_arrival_diagonal_passages, layout_loops_corners,
          chequers_ecumenical_altar_twisty, hangedman_glass_teeth
D:2:      layout_rooms, serial_shops, nicolae_shop_window_shopping,
          uniq_jessica, uniq_crazy_yiuf_cottage

Skill      XL: |  1  2  3 |
---------------+----------+-----
Dodging        | 2 |  2.0
Unarmed Combat | 4 |  4.0
Fighting       | |  1.2
Stealth        | |  0.9
Spellcasting   | |  2.6
Transmutations | |  2.4

Action                   |  1- 3 |  4- 6 || total
-------------------------+-------+-------++-------
Melee: Unarmed           |    78 |     9 ||    87
       Kick              |     5 |       ||     5
       Punch             |     2 |       ||     2
       Tailslap          |     7 |     2 ||     9
       Headbutt          |     1 |       ||     1
 Cast: Beastly Appendage |     7 |       ||     7
  Use: Scroll            |     4 |       ||     4
       Potion            |     4 |       ||     4
Armor: Skin              |    18 |     4 ||    22
Dodge: Dodged            |    65 |     3 ||    68

Table legend: (Time is in decaauts)
 A = Elapsed time spent in this place.
 B = Non-inter-level travel time spent in this place.
 C = Inter-level travel time spent in this place.
 D = Time resting spent in this place.
 E = Time spent auto-exploring this place.
 F = Levels seen in this place.
 G = Mean time per level.
                   A        B        C        D        E       F      G
               +--------+--------+--------+--------+--------+-----+--------+
         Total |   1334 |   1315 |     19 |    109 |    994 |   2 |  667.0 |
       Dungeon |   1334 |   1315 |     19 |    109 |    994 |   2 |  667.0 |
               +--------+--------+--------+--------+--------+-----+--------+

Top non-repeatable levels by time:
     D:1: 1037 daAuts
     D:2: 296 daAuts
